Map: Ever Dream LE

Players

PasT - Winner!

  • Race: Zerg Zerg
  • League: Diamond
  • Spawn Location: 7:00

thaichili

  • Race: Terran Terran
  • League: Diamond
  • Spawn Location: 1:00

VOD

Have the link to the VOD?

Description

Time

  • Played on: July 12, 2020, 1:07 a.m.
  • Length: 17:06
Show
View Real Time Build Order
Export as new Build Order

PasT Zerg - Winner!

Build Orders: Hatch First 

Get SALT Encoding   

  12  0:01  Drone  
  13  0:12  Overlord  
  13  0:18  Drone  
  14  0:30  Drone  
  14  0:31  Drone  
  14  0:34  Drone  
  17  0:51  Hatchery  
  17  0:54  Drone  
  17  0:57  Drone  
  18  1:09  Extractor  
  17  1:13  Spawning Pool  
  17  1:16  Drone  
  17  1:21  Drone  
  18  1:30  Drone  
  19  1:39  Overlord  
  19  1:51  Drone  
  20  2:01  Queen  
  20  2:03  Zergling x2, Queen  
  20  2:04  Zergling x2  
  26  2:09  Metabolic Boost  
  26  2:11  Zergling x2  
  26  2:15  Drone  
  28  2:21  Drone  
  29  2:25  Drone  
  30  2:37  Queen  
  30  2:39  Queen  
  34  2:45  Overlord  
  34  2:47  Overlord  
  34  2:49  Drone  
  35  3:05  Hatchery  
  33  3:09  Drone x2  
  33  3:10  Drone  
  36  3:14  Drone  
  36  3:17  Drone  
  36  3:18  Drone  
  39  3:20  Drone  
  39  3:23  Drone  
  41  3:28  Drone x2  
  41  3:31  Extractor  
  42  3:37  Roach Warren  
  41  3:45  Overlord x2  
  41  4:02  Spore Crawler  
  41  4:04  Spore Crawler  
  39  4:16  Roach x8  
  55  4:18  Roach  
  57  4:24  Roach  
  57  4:25  Roach  
  57  4:28  Roach  
  57  4:30  Drone  
  64  4:32  Drone  
  64  4:36  Drone  
  64  4:37  Drone  
  63  5:04  Lair  
  63  5:05  Drone x2  
  63  5:06  Drone  
  66  5:08  Drone  
  67  5:14  Drone  
  67  5:15  Drone  
  67  5:16  Drone  
  67  5:20  Overlord  
  70  5:23  Ravager x2  
  70  5:25  Drone  
  73  5:29  Drone  
  73  5:32  Spore Crawler  
  73  5:35  Overlord  
  73  5:45  Evolution Chamber  
  73  5:47  Evolution Chamber  
  57  6:05  Drone x12  
  57  6:07  Queen  
  57  6:08  Extractor  
  66  6:14  Hydralisk Den  
  66  6:15  Baneling Nest  
  66  6:17  Zerg Missile Weapons Level 1  
  60  6:28  Drone  
  60  6:31  Drone x6  
  65  6:37  Zerg Ground Armor Level 1  
  65  6:39  Drone x2  
  65  6:42  Drone x3  
  68  6:48  Roach  
  68  6:49  Roach  
  68  6:50  Roach  
  68  6:53  Extractor  
  73  6:58  Spine Crawler  
  72  7:03  Zergling x4  
  72  7:04  Overlord x4  
  72  7:05  Overlord  
  74  7:22  Glial Reconstitution  
  74  7:24  Roach x5  
  84  7:31  Roach x2  
  84  7:32  Spore Crawler  
  84  7:36  Spine Crawler  
  86  7:37  Roach x2  
  86  7:41  Extractor  
  86  7:43  Roach x2  
  93  7:46  Drone x3  
  93  7:47  Extractor  
  93  7:48  Drone x3  
  93  7:49  Roach x2  
  93  7:51  Drone x3  
  104  7:52  Overlord  
  104  7:54  Hatchery  
  104  7:56  Hydralisk  
  106  8:01  Hydralisk  
  108  8:07  Hydralisk  
  108  8:10  Queen x3  
  108  8:12  Overlord  
  116  8:13  Ravager  
  116  8:16  Hydralisk  
  116  8:19  Drone x3  
  122  8:23  Overlord  
  122  8:24  Overlord  
  122  8:33  Overlord x4  
  122  8:37  Zerg Missile Weapons Level 2  
  122  8:42  Zerg Ground Armor Level 2  
  122  8:49  Hydralisk x2  
  122  8:51  Hydralisk  
  122  8:53  Overseer  
  122  8:54  Hydralisk  
  122  8:55  Drone  
  129  8:58  Drone  
  129  8:59  Hydralisk, Drone  
  133  9:02  Hydralisk  
  133  9:04  Overseer  
  135  9:13  Hydralisk  
  135  9:14  Hydralisk x2  
  141  9:17  Hydralisk  
  141  9:19  Hydralisk  
  141  9:22  Hydralisk, Extractor  
  144  9:26  Hydralisk  
  144  9:29  Hydralisk, Extractor  
  144  9:31  Hydralisk  
  135  9:34  Hydralisk  
  135  9:37  Hydralisk  
  135  9:39  Drone x2  
  135  9:40  Drone x4  
  139  9:46  Hydralisk  
  139  9:48  Hydralisk x2  
  139  9:52  Zergling x8  
  147  9:53  Zergling x2  
  147  9:55  Drone x2  
  150  10:05  Infestation Pit, Muscular Augments  
  149  10:09  Hydralisk x3  
  149  10:10  Hydralisk  
  139  10:15  Overseer x2  
  139  10:19  Spore Crawler  
  139  10:20  Hydralisk x2  
  142  10:22  Zergling x2, Spore Crawler  
  142  10:26  Zergling x2  
  142  10:27  Hydralisk x2  
  142  10:28  Hydralisk  
  147  10:30  Drone  
  147  10:31  Drone  
  147  10:35  Hydralisk  
  153  10:37  Hydralisk  
  153  10:38  Pneumatized Carapace  
  153  10:39  Hydralisk  
  153  10:43  Hydralisk x2  
  153  10:45  Drone  
  153  10:47  Drone  
  159  10:56  Overlord  
  159  10:57  Overlord  
  159  11:03  Hatchery  
  158  11:11  Hive  
  158  11:13  Hydralisk  
  158  11:14  Hydralisk x2  
  158  11:15  Hydralisk x3  
  158  11:16  Hydralisk  
  163  11:19  Hydralisk  
  163  11:21  Hydralisk  
  165  11:25  Hydralisk  
  165  11:26  Hydralisk  
  165  11:30  Hydralisk x2  
  167  11:35  Hydralisk x2  
  167  11:36  Hydralisk  
  167  11:39  Grooved Spines  
  171  11:41  Hydralisk  
  171  11:44  Hydralisk x2  
  169  11:48  Hydralisk x2  
  169  11:51  Hydralisk  
  168  11:57  Overlord x3  
  168  12:01  Hydralisk x2  
  166  12:03  Hydralisk  
  166  12:06  Overlord, Overseer  
  166  12:08  Overseer  
  172  12:09  Drone  
  172  12:13  Drone x2  
  172  12:14  Overseer  
  175  12:22  Hydralisk x3  
  175  12:23  Hydralisk  
  175  12:24  Hydralisk  
  175  12:26  Hydralisk  
  175  12:27  Hydralisk  
  189  12:30  Hydralisk  
  189  12:33  Viper  
  181  12:48  Hydralisk  
  181  12:49  Hydralisk  
  181  12:50  Viper  
  161  12:52  Hydralisk  
  161  12:54  Hydralisk x2  
  161  12:56  Hydralisk  
  145  12:59  Hydralisk  
  145  13:01  Zergling x14  
  145  13:02  Zergling x10  
  151  13:07  Hydralisk x2  
  151  13:08  Zergling x2  
  151  13:09  Drone x2  
  158  13:16  Hydralisk x2  
  158  13:17  Hydralisk  
  158  13:18  Hydralisk  
  158  13:19  Hydralisk  
  152  13:21  Hydralisk  
  152  13:24  Zergling x4  
  152  13:25  Zergling x2  
  152  13:26  Hydralisk  
  138  13:33  Viper  
  137  13:46  Unknown, Drone x4  
  140  13:49  Hydralisk x2  
  140  13:50  Spine Crawler, Hydralisk x3  
  140  13:53  Spine Crawler  
  140  13:54  Spine Crawler, Zerg Missile Weapons Level 3  
  147  14:04  Viper  
  147  14:05  Evolution Chamber  
  147  14:06  Evolution Chamber  
  148  14:13  Hydralisk x2  
  148  14:14  Hydralisk x2  
  148  14:16  Hydralisk  
  156  14:18  Hydralisk  
  156  14:19  Overlord x3  
  156  14:21  Hydralisk  
  162  14:25  Drone x3  
  162  14:26  Hydralisk  
  162  14:28  Hydralisk  
  162  14:30  Hydralisk  
  171  14:33  Hydralisk  
  173  14:39  Hydralisk  
  173  14:40  Hydralisk x2  
  173  14:41  Hydralisk  
  181  14:49  Hydralisk x3  
  181  14:51  Hydralisk  
  189  14:54  Hydralisk  
  189  14:55  Hydralisk  
  189  14:57  Hydralisk  
  189  14:59  Hydralisk  
  195  15:01  Overlord  
  195  15:04  Overlord  
  185  15:23  Hydralisk  
  185  15:24  Hydralisk x6  
  192  15:37  Hydralisk x2  
  195  16:00  Hatchery  
  184  16:04  Viper x2  
  183  16:13  Hydralisk x2  
  183  16:17  Hydralisk x2  
  181  16:24  Hydralisk  
  181  16:25  Hydralisk x12  
  182  16:27  Hydralisk  
  200  16:36  Hydralisk x2  
  194  16:42  Hydralisk x2  
Show
View Real Time Build Order
Export as new Build Order

thaichili Terran 

Build Orders: Gas First Reaper Expand, Liberator Opening 

Get SALT Encoding   

  12  0:00  SCV  
  13  0:13  SCV  
  14  0:17  Supply Depot  
  14  0:25  SCV  
  15  0:28  Refinery  
  15  0:38  SCV  
  16  0:44  Barracks  
  16  0:50  SCV  
  17  1:03  SCV  
  18  1:15  SCV  
  19  1:31  Orbital Command  
  19  1:32  Reaper  
  20  1:45  Command Center  
  20  1:57  Factory  
  20  1:58  SCV  
  21  2:10  SCV, Refinery  
  21  2:11  Barracks Reactor  
  22  2:19  Supply Depot  
  22  2:28  SCV  
  23  2:45  Starport  
  23  2:46  SCV  
  24  2:57  Hellion x2  
  24  2:58  Orbital Command  
  28  3:06  SCV  
  28  3:10  Armory  
  29  3:18  SCV  
  30  3:25  Hellion x2  
  34  3:31  Medivac  
  36  3:35  SCV  
  36  3:36  SCV  
  38  3:46  Widow Mine  
  38  3:47  SCV  
  41  3:50  Supply Depot  
  41  3:52  SCV  
  42  3:58  Supply Depot  
  42  3:59  SCV  
  43  4:06  Liberator  
  46  4:11  Hellion x2  
  46  4:12  SCV  
  46  4:15  Supply Depot  
  51  4:18  SCV  
  51  4:24  SCV  
  53  4:30  SCV  
  54  4:33  Hellion, Supply Depot  
  56  4:39  Hellion  
  58  4:50  Starport Tech Lab  
  54  4:58  Refinery  
  52  5:00  Widow Mine x2  
  52  5:02  Command Center  
  56  5:12  Cloaking Field, Banshee  
  60  5:14  SCV  
  60  5:16  SCV  
  60  5:18  Refinery  
  61  5:24  Factory  
  61  5:25  Factory  
  61  5:26  SCV  
  62  5:31  SCV  
  63  5:38  SCV  
  62  5:46  Supply Depot  
  59  5:51  Hellion x2  
  59  5:52  SCV  
  59  5:53  SCV  
  54  6:04  SCV, Banshee  
  54  6:06  SCV  
  58  6:12  Hellion  
  58  6:16  SCV  
  61  6:18  SCV  
  61  6:28  SCV  
  61  6:29  Factory Tech Lab  
  61  6:30  SCV, Orbital Command, Factory Tech Lab  
  59  6:40  SCV  
  59  6:42  SCV  
  61  6:52  SCV  
  62  6:58  SCV  
  62  6:59  Cyclone x2, Orbital Command  
  62  7:00  Mag-Field Accelerator  
  71  7:01  Hellion  
  71  7:05  SCV  
  71  7:06  Orbital Command  
  72  7:10  SCV  
  73  7:17  SCV  
  74  7:26  SCV, Factory  
  74  7:29  SCV  
  76  7:31  Supply Depot  
  76  7:33  Cyclone x2  
  76  7:35  Hellion x2  
  82  7:37  Refinery  
  82  7:38  Hellion x2  
  82  7:42  Refinery  
  86  7:45  Starport Reactor  
  86  7:48  Terran Vehicle Weapons Level 1  
  86  7:50  SCV x2, Armory  
  88  7:52  SCV  
  89  8:02  SCV x2  
  91  8:09  Cyclone x2  
  91  8:10  Hellion x2  
  101  8:15  Supply Depot  
  101  8:17  Infernal Pre-Igniter  
  101  8:25  Cyclone  
  101  8:26  SCV x2  
  106  8:27  SCV  
  107  8:36  Liberator x2  
  107  8:38  SCV  
  114  8:41  Supply Depot, Cyclone  
  114  8:42  Supply Depot  
  117  9:03  Hellion, Cyclone x2  
  117  9:04  SCV, Hellion  
  117  9:06  Supply Depot  
  128  9:13  Cyclone  
  131  9:20  Command Center  
  125  9:38  Cyclone x2  
  116  9:42  SCV  
  116  9:43  SCV  
  118  9:45  Cyclone  
  118  9:51  Hellion x2  
  125  9:56  SCV, Factory  
  126  10:00  SCV  
  127  10:08  Refinery, Command Center  
  127  10:10  Cyclone x2, Refinery  
  124  10:16  SCV, Hellion x2  
  124  10:18  Cyclone  
  124  10:20  Supply Depot  
  124  10:21  Terran Vehicle And Ship Armor Level 1  
  132  10:42  Cyclone, Siege Tank  
  138  10:45  Hellion x2, Factory Tech Lab  
  138  10:48  SCV x2  
  144  10:50  Siege Tank  
  144  10:54  Orbital Command  
  147  10:59  Engineering Bay  
  147  11:14  Siege Tank x2  
  149  11:21  Hellion, Siege Tank  
  149  11:22  Siege Tank  
  153  11:37  SCV  
  149  11:46  Siege Tank  
  149  11:47  Siege Tank  
  150  11:53  Siege Tank  
  155  11:54  Hellion x2, Cyclone  
  155  12:07  SCV  
  155  12:08  SCV x2  
  158  12:09  SCV  
  163  12:15  Hellion  
  163  12:16  Hellion, Engineering Bay  
  163  12:19  SCV, Cyclone x2, Refinery  
  163  12:20  SCV x2  
  172  12:23  Refinery  
  172  12:25  Cyclone  
  172  12:26  Siege Tank  
  178  12:41  Hellion  
  169  12:51  Siege Tank x2  
  162  12:57  Siege Tank  
  162  12:58  Siege Tank  
  132  12:59  Hellion  
  132  13:02  Hellion  
  126  13:09  SCV  
  115  13:20  Hellion  
  115  13:23  Siege Tank x2  
  115  13:24  Hellion  
  119  13:29  Siege Tank  
  119  13:30  Hellion  
  121  13:35  Command Center  
  121  13:38  Supply Depot  
  121  13:39  SCV  
  122  13:41  SCV, Supply Depot  
  122  13:42  Hellion  
  122  13:45  SCV, Hellion  
  128  13:51  SCV, Siege Tank  
  128  13:52  Planetary Fortress  
  128  13:53  SCV, Supply Depot  
  128  13:55  Hellion, Siege Tank  
  138  13:57  SCV  
  138  13:59  Terran Vehicle And Ship Armor Level 2  
  138  14:01  Siege Tank  
  142  14:03  SCV  
  142  14:07  SCV  
  142  14:09  SCV  
  145  14:12  Terran Vehicle Weapons Level 2, Factory  
  145  14:15  SCV, Factory  
  146  14:19  SCV  
  146  14:21  SCV  
  148  14:24  Command Center  
  148  14:27  SCV  
  148  14:29  Hellion, Cyclone x2  
  148  14:30  Hellion x2  
  161  14:36  SCV x2  
  163  14:46  Cyclone  
  163  14:51  SCV, Hellion x2  
  171  15:03  Factory Tech Lab  
  171  15:04  Factory Reactor  
  171  15:06  Viking  
  155  15:21  Siege Tank x2  
  155  15:28  Siege Tank x3  
  138  15:30  Medivac  
  138  15:31  SCV  
  138  15:35  SCV  
  142  15:36  Medivac  
  142  15:38  SCV x2  
  142  15:40  Command Center  
  142  15:49  Hellion x2  
  146  15:53  Siege Tank x2  
  150  16:00  Siege Tank x2  
  150  16:01  Siege Tank  
  130  16:13  SCV  
  114  16:20  Hellion  
  114  16:21  SCV  
  114  16:24  SCV  
  86  16:25  Siege Tank  
  86  16:32  Hellion, Siege Tank  
  89  16:33  Siege Tank  
Tags
 
Add a new tag
Caveats
  • Supply blocks, unpowered buildings, or Contaminate may cause inaccurate times.
  • Supply counts are checked every 10 seconds.